 Dungeon Crawl Stone Soup version 0.30-a0-772-g5528072125 (webtiles) character file.

Game seed: 17101820489011148141

11020 Leeroy the Carver (level 11, 0/51 HPs)
             Began as a Vine Stalker Warper on Feb 12, 2023.
             Was an Elder of Wu Jian.
             Succumbed to Amaemon's poison
             ... on level 10 of the Dungeon.
             The game lasted 00:19:20 (8624 turns).

Leeroy the Carver (Vine Stalker Warper)             Turns: 8624, Time: 00:19:20

Health: 0/51       AC:  8    Str: 14    XL:     11   Next: 71%
Magic:  23/34      EV: 17    Int: 19    God:    Wu Jian [****..]
Gold:   484        SH:  0    Dex: 20    Spells: 14/28 levels left

rFire   . . .      SeeInvis .    W - +10 dagger of the Whelk {flame, Stlth+}
rCold   . . .      Faith    .    (no shield)
rNeg    . . .      Spirit   +    A - +3 leather armour of Tenacity {Drain rPois Dex+2}
rPois   +          Reflect  .    (no helmet)
rElec   .          Harm     .    o - scarf {+Inv}
rCorr   .          Rampage  .    Q - +0 pair of gloves
Will    +....                    g - +0 pair of boots
Stlth   ++                       P - amulet of magic regeneration
HPRegen 1.08/turn                s - ring of magical power
MPRegen 0.64/turn                T - +6 ring of intelligence

@: lethally poisoned (0 -> -16), exhausted, slowed, very slow
A: fangs 3, regeneration 1, magic shield, antimagic bite, no potion heal 2
a: Renounce Religion, Evoke Invisibility, Wall Jump, Serpent's Lash


You were on level 10 of the Dungeon.
You worshipped Wu Jian.
Wu Jian was greatly pleased with you.
You visited 1 branch of the dungeon, and saw 10 of its levels.
You also visited: Sewer.

You collected 484 gold pieces.

Inventory:

Hand Weapons
 e - a +1 scimitar of freezing
 r - a +1 short sword of venom
 K - a +0 great sword
 M - the +2 quarterstaff of the Squeaky God {heavy, rF- rN+++ MP+9}
   (You found it on level 4 of the Dungeon)

   rF:        It makes you vulnerable to fire.
   rN:        It renders you almost immune to negative energy.
   MP:        It affects your magic capacity (+9).
 W - the +10 dagger of the Whelk (weapon) {flame, Stlth+}
   (You found it on level 7 of the Dungeon)

   Stlth:     It makes you more stealthy.
Missiles
 d - 7 boomerangs of dispersal
 t - 5 javelins
 D - 32 poisoned darts (quivered)
 I - 3 throwing nets
 U - 2 silver boomerangs
 Z - 6 silver javelins
Armour
 b - a +0 troll leather armour
 g - a +0 pair of boots (worn)
 o - a scarf of invisibility (worn)
 A - the +3 leather armour of Tenacity (worn) {Drain rPois Dex+2}
   (You found it on level 3 of the Dungeon)

   Dex:       It affects your dexterity (+2).
   rPois:     It protects you from poison.
   Drain:     It drains your maximum health when unequipped.
 C - a +3 leather armour of fire resistance
 Q - a +0 pair of gloves (worn)
Magical Staves
 v - a staff of conjuration
Jewellery
 a - the amulet "Latuoppu" {Acrobat Contam rF+ Int+2 Dex+2}
   (You found it on level 8 of the Dungeon)

   [amulet of the acrobat]

   It increases your evasion while moving and waiting.
   Int:       It affects your intelligence (+2).
   Dex:       It affects your dexterity (+2).
   rF:        It protects you from fire.
   Contam:    It causes magical contamination when unequipped.
 c - the ring "Giengyd" {Fly MP-9 EV+5 Str+5 Dex+2}
   (You found it on level 7 of the Dungeon)

   [ring of evasion]

   EV:        It affects your evasion (+5).
   Str:       It affects your strength (+5).
   Dex:       It affects your dexterity (+2).
   MP:        It affects your magic capacity (-9).
   Fly:       It grants you flight.
 s - a ring of magical power (left hand)
 P - an amulet of magic regeneration (around neck)
 R - an amulet of reflection
 T - a +6 ring of intelligence (right hand)
Wands
 y - a wand of quicksilver (6)
 B - a wand of digging (2)
 F - a wand of polymorph (7)
 N - a wand of flame (11)
 S - a wand of paralysis (5)
Scrolls
 i - 3 scrolls of poison
 j - a scroll of silence
 k - 2 scrolls of teleportation
 l - a scroll of brand weapon
 m - 3 scrolls of fog
 u - 2 scrolls of amnesia
 w - 2 scrolls of vulnerability
 O - 2 scrolls of butterflies {unknown}
 V - 3 scrolls of enchant armour
 X - a scroll of immolation
Potions
 f - 5 potions of heal wounds {unknown}
 h - 9 potions of curing {unknown}
 n - a potion of berserk rage {unknown}
 p - 4 potions of ambrosia {unknown}
 q - 2 potions of invisibility
 x - 2 potions of resistance {unknown}
 z - 2 potions of lignification {unknown}
 E - 2 potions of cancellation {unknown}
 G - 4 potions of magic {unknown}
 H - a potion of attraction {unknown}
 J - 3 potions of degeneration {unknown}
 L - a potion of haste
 Y - a potion of mutation {unknown}


   Skills:
 + Level 2.6 Fighting
 - Level 11.0 Long Blades
 - Level 0.8 Throwing
 - Level 0.7 Armour
 - Level 8.2 Dodging
 - Level 9.0 Spellcasting
 - Level 0.1 Conjurations
 - Level 0.4 Hexes
 - Level 3.0 Translocations
 - Level 0.1 Fire Magic
 - Level 0.2 Poison Magic
 - Level 4.2 Evocations


You had 14 spell levels left.
You knew the following spells:

 Your Spells              Type           Power      Damage    Failure   Level
a - Blink                 Tloc           40%        N/A       4%          2
b - Vhi's Electric Charg  Tloc/Air       28%        N/A       17%         3
c - Mephitic Cloud        Conj/Pois/Air  9%         N/A       28%         3
d - Wereblood             Tmut           8%         N/A       16%         2
e - Manifold Assault      Tloc           20%        N/A       30%         4

Your spell library contained the following spells:

 Spells                   Type           Power      Damage    Failure   Level
 Lesser Beckoning         Tloc           40%        N/A       4%          2
 Teleport Other           Tloc           20%        N/A       9%          3
 Magic Dart               Conj           36%        1d4       10%         1
 Beastly Appendage        Tmut           16%        N/A       11%         1
 Necrotise                Necr           32%        1d5       11%         1
 Summon Small Mammal      Summ           32%        N/A       11%         1
 Call Imp                 Summ           8%         N/A       16%         2
 Summon Guardian Golem    Hex/Summ       9%         N/A       28%         3
 Call Canine Familiar     Summ           8%         N/A       30%         3
 Hailstorm                Conj/Ice       8%         3d4       30%         3
 Ignite Poison            Fire/Tmut/Pois 9%         N/A       30%         3
 Spider Form              Tmut/Pois      9%         N/A       30%         3
 Vampiric Draining        Necr           8%         2d6       30%         3
 Passage of Golubria      Tloc           20%        N/A       30%         4
 Sticky Flame             Conj/Fire      9%         2d3       69%         4
 Ice Form                 Ice/Tmut       8%         N/A       71%         4
 Silence                  Hex/Air        4%         N/A       95%         5
 Agony                    Necr           8%         N/A       96%         5
 Simulacrum               Ice/Necr       4%         N/A       100%        6
 Ignition                 Fire           4%         3d4       100%        8
 Lehudib's Crystal Spear  Conj/Erth      4%         10d3      100%        8


Dungeon Overview and Level Annotations

Branches:
Dungeon (10/15)            Temple (0/1) D:6           Sewer (visited)
   Lair: D:8-11         Orc: D:9-12

Altars:
Ashenzari
Cheibriados
Dithmenos
Elyvilon
Gozag
Kikubaaqudgha
Makhleb
Nemelex Xobeh
Okawaru
Qazlal
Sif Muna
Trog
Wu Jian
Xom
Zin
The Shining One

Shops:
D:6 ::   D:8 !

Annotations:
D:7 4 runed translucent doors
D:10 Amaemon


Innate Abilities, Weirdness & Mutations

You have razor-sharp teeth.
Your natural rate of healing is unusually fast.
When hurt, damage is shared between your health and your magic reserves.
Your bite disrupts and absorbs the magic of your enemies.
Potions cannot restore your health.


Message History

Amaemon is almost dead.
You feel very sick. The scorpion stings you. The scorpion closely misses you.
Amaemon completely misses you. x2; Amaemon tail-slaps you.
The scorpion closely misses you.
Aiming: Wall Jump
Press: ? - help, Dir - move target You repeatedly attack Amaemon from above.
You closely miss Amaemon.
Amaemon is almost dead.
You hit Amaemon. You burn Amaemon. Your bite misses Amaemon.
Amaemon is almost dead.
You hit Amaemon. You burn Amaemon. You bite Amaemon.
Amaemon's magic leaks into the air.
You drain his magic.
You feel invigorated.
Amaemon is almost dead.
You repeatedly attack the scorpion from above.
You hit the scorpion but do no damage. You puncture the scorpion!
You burn the scorpion. You bite the scorpion. You drain its power.
The scorpion is severely wounded.
Your attacks no longer feel as feeble.
* * * LOW HITPOINT WARNING * * *
You feel extremely sick.
Amaemon hits you with a +0 demon whip of venom!
* * * LOW HITPOINT WARNING * * *
You are lethally poisoned!
Amaemon barely misses you. Amaemon tail-slaps you.
* * * LOW HITPOINT WARNING * * *
The scorpion misses you. The scorpion stings you.
* * * LOW HITPOINT WARNING * * *
The scorpion stings you but does no damage.
Amaemon closely misses you. Amaemon claws you but does no damage.
Amaemon closely misses you.
The scorpion stings you but does no damage.
The scorpion completely misses you. The scorpion barely misses you.
Amaemon falters for a moment.
Okay, then.
Okay, then.
You barely miss Amaemon. Your bite misses Amaemon.
Amaemon is almost dead.
You die...

##....#
#.......
#.....#
#.######
#.....# #.# #
#.....# #.# #
#.....# #
#.....# #
#.....# ..
#.....#########
..
#......@s......
..
#.....s6s......
.
#..............
#.....####.....
#.....# .....
####### ####


You could see Amaemon (magic disrupted) and 3 scorpions.

Vanquished Creatures
  Harold (D:9)
  A boulder beetle (D:7)
  Urug (D:10)
  Maurice (D:9)
  Joseph (D:7)
  An orange demon (D:10)
  A kobold demonologist (D:10)
  A komodo dragon (D:10)
  2 trolls
  A slime creature (D:8)
  2 wyverns
  20 yaks
  A steam dragon (D:10)
  A vampire mosquito (D:7)
  2 acid dragons
  2 water moccasins (D:7)
  3 orc warriors
  3 ice beasts
  A black bear (D:5)
  2 sky beasts
  2 ogres
  2 centaurs
  6 kobold brigands (Sewer)
  3 scorpions
  4 bullfrogs
  9 howler monkeys
  2 vampire bats (D:4)
  An electric eel (D:10)
  2 orc priests
  3 jellies (D:4)
  A gnoll bouda (D:4)
  4 hounds
  5 iguanas
  Ijyb (D:3)
  6 orc wizards
  Robin (D:4)
  4 gnolls (D:4)
  4 river rats
  7 adders
  3 white imps
  An ufetubus (D:6)
  3 worms
  A dart slug (D:4)
  29 orcs
  7 bats
  A bat skeleton (D:4)
  4 bat zombies (D:4)
  9 endoplasms
  4 giant cockroaches
  16 goblins
  11 hobgoblins
  3 jackals (D:3)
  3 quokkas (D:1)
  9 ball pythons
  3 frilled lizards
  9 kobolds
  11 rats
242 creatures vanquished.

Notes
Turn   | Place    | Note
-------+----------+-------------------------------------------
     0 | D:1      | Leeroy the Vine Stalker Warper began the quest for the Orb.
     0 | D:1      | Reached XP level 1. HP: 11/11 MP: 4/4
    80 | D:1      | Reached skill level 2 in Long Blades
   275 | D:1      | Reached XP level 2. HP: 15/15 MP: 6/6
   609 | D:2      | Reached skill level 3 in Long Blades
   609 | D:2      | Reached XP level 3. HP: 8/18 MP: 7/7
  1626 | D:3      | Found an ornate altar of the Wu Jian Council.
  1642 | D:3      | Became a worshipper of the Wu Jian Council
  1931 | D:3      | Identified the +3 leather armour of Tenacity {Drain rPois
                  | Dex+2}
  1937 | D:3      | Found an iron altar of Okawaru.
  2007 | D:3      | Reached skill level 1 in Evocations
  2007 | D:3      | Gained mutation: Your natural rate of healing is unusually
                  | fast. [Vine Stalker growth]
  2007 | D:3      | Reached XP level 4. HP: 17/23 MP: 8/8
  2115 | D:3      | Learned a level 2 spell: Blink
  2119 | D:3      | Learned a level 3 spell: Vhi's Electric Charge
  2154 | D:3      | Noticed Ijyb
  2168 | D:3      | Killed Ijyb
  2213 | D:3      | Found a white marble altar of Elyvilon.
  2409 | D:4      | Found a glowing drain.
  2440 | Sewer    | Entered a sewer
  2463 | Sewer    | Noticed a kobold brigand
  2501 | Sewer    | Killed a kobold brigand
  2502 | Sewer    | Reached XP level 5. HP: 26/26 MP: 9/9
  2552 | Sewer    | Noticed a kobold brigand
  2563 | Sewer    | Killed a kobold brigand
  2564 | Sewer    | Reached XP level 6. HP: 20/30 MP: 10/10
  2737 | Sewer    | Reached skill level 4 in Long Blades
  2797 | Sewer    | Reached * piety under Wu Jian
  2889 | Sewer    | Reached skill level 5 in Long Blades
  2889 | Sewer    | Reached XP level 7. HP: 34/34 MP: 11/11
  3283 | D:4      | Learned a level 3 spell: Mephitic Cloud
  3307 | D:4      | Reached skill level 6 in Long Blades
  3401 | D:4      | Gained mutation: You have razor-sharp teeth. [Vine Stalker
                  | growth]
  3401 | D:4      | Reached XP level 8. HP: 32/38 MP: 12/12
  3459 | D:4      | Noticed Robin
  3471 | D:4      | Reached ** piety under Wu Jian
  3483 | D:4      | Killed Robin
  3491 | D:4      | Reached skill level 7 in Long Blades
  3545 | D:4      | Found a shimmering blue altar of Sif Muna.
  3639 | D:4      | Found a burning altar of Makhleb.
  3732 | D:4      | Identified the +2 quarterstaff of the Squeaky God {heavy,
                  | rF- rN+++ MP+9}
  3786 | D:4      | Found an ancient bone altar of Kikubaaqudgha.
  4015 | D:5      | Entered Level 5 of the Dungeon
  4421 | D:5      | Reached skill level 8 in Long Blades
  4616 | D:5      | Found a glowing silver altar of Zin.
  4887 | D:6      | Found a stormy altar of Qazlal.
  4919 | D:6      | Found Zuuphant's Book Shop.
  4931 | D:6      | Found a staircase to the Ecumenical Temple.
  5051 | D:6      | Found Tewefoz's Tremendous Tomes.
  5295 | D:6      | Reached skill level 5 in Spellcasting
  5300 | D:6      | Learned a level 2 spell: Wereblood
  5305 | D:6      | Learned a level 4 spell: Manifold Assault
  5326 | D:6      | Reached XP level 9. HP: 42/42 MP: 17/17
  5519 | D:6      | Found a shimmering altar of Xom.
  5596 | D:6      | Found a bloodstained altar of Trog.
  5596 | D:6      | Found a sparkling altar of Nemelex Xobeh.
  5598 | D:6      | Found an opulent altar of Gozag.
  5599 | D:6      | Found a snail-covered altar of Cheibriados.
  5601 | D:6      | Found a shadowy altar of Dithmenos.
  5636 | D:6      | Found an ancient bone altar of Kikubaaqudgha.
  5636 | D:6      | Found a broken altar of Ashenzari.
  5638 | D:6      | Found an ornate altar of the Wu Jian Council.
  5638 | D:6      | Found a glowing golden altar of the Shining One.
  5638 | D:6      | Found a shimmering blue altar of Sif Muna.
  5773 | D:7      | Found a large runed translucent door.
  5773 | D:7      | Noticed a troll
  5774 | D:7      | Found a large runed translucent door.
  5783 | D:7      | Found a large runed translucent door.
  5783 | D:7      | Found a large runed translucent door.
  5836 | D:7      | Noticed Joseph
  6040 | D:7      | Reached *** piety under Wu Jian
  6086 | D:7      | Noticed a boulder beetle
  6119 | D:7      | Killed a boulder beetle
  6173 | D:7      | Identified the ring "Giengyd" {Fly MP-9 EV+5 Str+5 Dex+2}
  6605 | D:7      | Reached XP level 10. HP: 46/46 MP: 24/24
  6635 | D:7      | Reached skill level 9 in Long Blades
  6646 | D:7      | Identified the +10 dagger of the Whelk {flame, Stlth+}
  6753 | D:7      | Killed Joseph
  6930 | D:8      | Found Erouch's Distillery.
  7021 | D:8      | Reached skill level 10 in Long Blades
  7051 | D:8      | Identified the amulet "Latuoppu" {Acrobat Contam rF+ Int+2
                  | Dex+2}
  7342 | D:9      | Noticed Harold
  7419 | D:9      | Noticed Maurice
  7429 | D:9      | Reached skill level 11 in Long Blades
  7440 | D:9      | Reached **** piety under Wu Jian
  7471 | D:9      | Killed Maurice
  7572 | D:9      | Killed Harold
  7573 | D:9      | Reached skill level 5 in Dodging
  7573 | D:9      | Reached XP level 11. HP: 23/50 MP: 21/25
  7941 | D:10     | Entered Level 10 of the Dungeon
  8017 | D:10     | Noticed Urug
  8420 | D:10     | Killed Urug
  8600 | D:10     | Noticed Amaemon
  8624 | D:10     | Succumbed to Amaemon's poison

Illustrated notes

Levels and vault maps discovered:
D:1:      giann_wishing_wells, layout_rooms
D:2:      minmay_spotlight, layout_rooms
D:3:      layout_loops_ring, mainiacjoe_overflow_surrounded_room,
          mainiacjoe_overflow_24_doors, old_standard_altar,
          minmay_misc_feat_ornament, uniq_ijyb
D:4:      layout_basic, kennysheep_vampire_church, mainiacjoe_overflow_paths,
          lemuel_crystal_altar, portal_sewer_entry_a,
          nicolae_kite_square_tiling_tiny, uniq_robin
D:5:      layout_loops_ring, zin_treasury
D:6:      layout_loops_corners, doesnt_xom_only_xom, grunt_qazlal_clouds,
          minitemple, minmay_temple_entry_purple_smoke, serial_shops,
          kennysheep_mini_moat, nicolae_shop_i_like_big_books
D:7:      layout_basic, minmay_hollow_rounded_squares, uniq_joseph
D:8:      kennysheep_big_flooded_room, layout_basic, serial_shops,
          nicolae_shop_crystal
D:9:      layout_rooms, uniq_maurice, uniq_harold
D:10:     layout_irregular_city, erik_orc_2, serial_column_ruins,
          column_ruins_open_small, column_ruins_grid_1, column_ruins_grid_4,
          column_ruins_open_tiny, column_ruins_grid_1, column_ruins_columns_T,
          uniq_amaemon, uniq_urug

Skill      XL: |  1  2  3  4  5  6  7  8  9 10 11 |
---------------+----------------------------------+-----
Long Blades    | 2 3 5 6 8 11 | 11.0
Evocations     | 1 3 4 |  4.2
Spellcasting   | 5 9 |  9.0
Dodging        | 5 8 |  8.2
Fighting       | 2 |  2.6
Throwing       | |  0.8
Armour         | |  0.7
Conjurations   | |  0.1
Hexes          | |  0.4
Translocations | |  3.0
Fire Magic     | |  0.1
Poison Magic   | |  0.2

Action                     |  1- 3 |  4- 6 |  7- 9 | 10-12 || total
---------------------------+-------+-------+-------+-------++-------
  Melee: Falchion          |    50 |       |   254 |       ||   304
         Bite              |    25 |    27 |   138 |   103 ||   293
         Punch             |     3 |     2 |     2 |     6 ||    13
         Short sword       |    42 |   141 |   199 |    17 ||   399
         Dagger            |       |       |       |   295 ||   295
  Throw: Dart              |       |       |     2 |       ||     2
   Cast: Mephitic Cloud    |       |       |     2 |     2 ||     4
         Wereblood         |       |       |       |     1 ||     1
 Invoke: Serpent's Lash    |       |       |       |     1 ||     1
Ability: Lunge             |     2 |     1 |    25 |    17 ||    45
         Whirlwind         |       |       |     7 |    30 ||    37
         Wall Jump         |       |       |       |     2 ||     2
  Evoke: Wand              |       |     1 |       |       ||     1
    Use: Scroll            |       |       |     5 |     7 ||    12
   Stab: Sleeping          |     1 |       |     4 |     6 ||    11
         Confused          |       |       |     1 |     2 ||     3
         Distracted        |       |       |     1 |     1 ||     2
 Armour: Leather armour    |    36 |    33 |   126 |    57 ||   252
  Dodge: Dodged            |    73 |    89 |   240 |   159 ||   561

Table legend: (Time is in decaauts)
 A = Elapsed time spent in this place.
 B = Non-inter-level travel time spent in this place.
 C = Inter-level travel time spent in this place.
 D = Time resting spent in this place.
 E = Time spent auto-exploring this place.
 F = Levels seen in this place.
 G = Mean time per level.
                   A        B        C        D        E       F      G
               +--------+--------+--------+--------+--------+-----+--------+
         Total |   8637 |   8203 |    434 |    635 |   5508 |  11 |  785.2 |
       Dungeon |   7785 |   7351 |    434 |    635 |   4955 |  10 |  778.5 |
         Sewer |    852 |    852 |      0 |      0 |    552 |   1 |  852.0 |
               +--------+--------+--------+--------+--------+-----+--------+

Top non-repeatable levels by time:
     D:2: 1126 daAuts
     D:7: 1058 daAuts
     D:6: 863 daAuts
     D:4: 854 daAuts
   Sewer: 852 daAuts
     D:5: 844 daAuts
     D:3: 791 daAuts
     D:9: 718 daAuts
     D:8: 573 daAuts
     D:1: 503 daAuts
    D:10: 451 daAuts
